 Dungeon Crawl Stone Soup version 0.22-a0-126-g307c7c3 (webtiles) character file.

1292 mhoghedin the Ruffian (level 8, -23/70 (71) HPs)
             Began as a Ghoul Monk on Jan 30, 2018.
             Was a Believer of Yredelemnul.
             Killed by a stone arrow (28 damage)
             ... invoked by the wrath of Vehumet
             ... on level 5 of the Dungeon.
             The game lasted 00:11:06 (4609 turns).

mhoghedin the Ruffian (Ghoul Monk)                  Turns: 4609, Time: 00:11:07

HP:   -23/70 (71)   AC: 13    Str: 17    XL:     8   Next: 56%
MP:   9/9           EV:  9    Int:  5    God:    Yredelemnul [**....]
Gold: 317           SH:  0    Dex: 11    Spells: 7/7 levels left

rFire    . . .     SeeInvis .     - Unarmed
rCold    + . .     Gourm    .   (no shield)
rNeg     + + +     Faith    .   j - +0 storm dragon scales
rPois    ∞         Spirit   .   p - +1 hat
rElec    +         Reflect  .   h - +0 cloak
rCorr    .         Harm     .   n - +0 pair of gloves
MR       .....                  (no boots)
Stlth    ..........             (no amulet)
HPRegen  0.00/turn              (no ring)
MPRegen  0.11/turn              (no ring)

@: very slightly contaminated, rotting, hasted, invisible, very quick
A: rotting body, claws 1, carnivore, cold resistance 1, negative energy
resistance 3, inhibited regeneration, torment resistance, unbreathing
a: Animate Remains, Recall Undead Slaves, Injury Mirror, Renounce Religion


You were on level 5 of the Dungeon.
You worshipped Yredelemnul.
Yredelemnul was pleased with you.
You were not hungry.

You visited 1 branch of the dungeon, and saw 6 of its levels.

You collected 317 gold pieces.

Inventory:

Missiles
 c - a throwing net {=f, !d}
Armour
 a - a +1 robe
 h - a +0 cloak (worn)
   (You found it on level 2 of the Dungeon)
 j - +0 storm dragon scales (worn)
   (You found it on level 5 of the Dungeon)
 n - a +0 pair of gloves (worn)
   (You found it on level 2 of the Dungeon)
 p - a +1 hat (worn)
   (You found it on level 3 of the Dungeon)
Scrolls
 e - a scroll of enchant weapon {unknown}
 g - a scroll of remove curse {unknown}
 i - a scroll of fog {unknown}
 o - a scroll of immolation {unknown}
 r - a scroll of torment {unknown}
Potions
 d - a potion of brilliance
 l - 5 potions of curing
Comestibles
 b - 11 rations


   Skills:
 + Level 6.7 Fighting
 + Level 1.7 Armour
 + Level 5.6 Dodging
 - Level 2.1 Stealth
 + Level 6.8 Unarmed Combat
 + Level 2.9 Invocations


You had 7 spell levels left.
You didn't know any spells.

Dungeon Overview and Level Annotations

Branches:
Dungeon (6/15)
 Temple: D:4-7

Altars:
Dithmenos
Elyvilon
Hepliaklqana
Nemelex Xobeh
Sif Muna
Vehumet
Yredelemnul
The Shining One


Innate Abilities, Weirdness & Mutations

Your body is rotting away.
You thrive on raw meat.
You are immune to poison.
You have sharp fingernails.
You are carnivorous and can eat meat at any time.
Your flesh is cold resistant. (rC+)
You are immune to negative energy. (rN+++)
You do not regenerate when monsters are visible.
You are immune to unholy pain and torment.
You can survive without breathing.


Message History

A magic dart appears from out of thin air!
The magic dart hits your bullfrog zombie.
Your bullfrog zombie is destroyed!
You miss the orc wizard.
The orc wizard hits you but does no damage.
A wight comes into view. It is wielding a halberd of freezing.
You hit the orc wizard.
You kill the orc wizard!
Yredelemnul accepts your kill.
You closely miss the wight. The wight closely misses you.
A wight comes into view. It is wielding a great sword of venom.
You hit something but do no damage.
You hear some strange, mumbled words.
A magic dart appears from out of thin air!
The magic dart hits you!
A wight comes into view.
It is wielding an enchanted short sword.
You take 2 damage, and have 69/71 hp.
You closely miss something. Something hits you but does no damage.
You miss something. Something hits you but does no damage.
You hit something. Something hits you but does no damage.
You punch something! Yredelemnul accepts your kill.
You can now recall your undead slaves.
You can now mirror injuries on your foes.
Reactivating autopickup.
You feel a bit more experienced.
You hit the wight.
The wight hits you with an enchanted long sword.
You take 2 damage, and have 67/71 hp.
You hit the wight but do no damage.
MP restored: 9 You closely miss the wight.
You hit the wight but do no damage. You punch the wight!
The wight hits you but does no damage.
You closely miss the wight. The wight hits you but does no damage.
Your storm dragon scales prevents you from hitting the wight.
You completely miss the wight. The wight closely misses you.
You hit the wight. The wight hits you with a long sword.
You hit the wight.
You destroy the wight!
Yredelemnul accepts your kill.
You closely miss the orc. Your punch misses the orc.
The orc hits you but does no damage. The wight barely misses you.
You take 4 damage, and have 63/71 hp.
You hit the orc. The orc barely misses you.
You hit the orc but do no damage. The wight hits you but does no damage.
The orc hits you but does no damage.
You hit the orc.
The wight hits you from afar with a halberd of freezing!
You punch the orc!
You kill the orc!
Yredelemnul accepts your kill.
The wight hits you from afar with a halberd of freezing.
You take 14 damage, and have 49/71 hp.
You punch the wight! The wight hits you but does no damage.
You completely miss the wight. The wight closely misses you.
You hit the wight. The wight hits you but does no damage.
The wight hits you from afar with a halberd of freezing.
You hit the wight.
You destroy the wight!
Yredelemnul accepts your kill.
You take 5 damage, and have 44/71 hp.
You closely miss the wight. The wight hits you but does no damage.
You hit the wight.
The wight hits you with a great sword of venom!
The wight closely misses you.
You completely miss the wight.
You feel your flesh rotting away.
The wight hits you with a great sword of venom.
The wight hits you from afar with a halberd of freezing.
The wight freezes you.
You take 20 damage, and have 24/70 hp.
MASSIVE DAMAGE!!
You aren't carrying any items that you can evoke.
Okay, then.
Unknown command.
Unknown command.
You feel yourself speed up.
The wight hits you with a great sword of venom!
* * * LOW HITPOINT WARNING * * *
You take 8 damage, and have 16/70 hp.
Unknown command.
You fade into invisibility!
The wight hits you from afar with a halberd of freezing!
* * * LOW HITPOINT WARNING * * *
The wight freezes you.
* * * LOW HITPOINT WARNING * * *
You are very lightly contaminated with residual magic.
You take 13 damage, and have 3/70 hp.
Unknown command.
Okay, then.
Unknown command.
There is a stone staircase leading up here.
You climb upwards.
There is a stone staircase leading down here.
You start resting.
Vehumet rains destruction down upon you!
The stone arrow hits you!
You die...
Yredelemnul claims you as an undead slave.

#.###..Z<###..'_'..##.....####
####.##...Z#.....###..##..#..#
........#.............#.#....####
#####.###..##.........<..........
#.............#...............
#^.###...#....#..........Z.... #
#..# #.#.#....#..#..≈≈≈≈.Z...# ##
#..# #......Z.#..#..≈≈≈≈⌠Z.... ≈#
#..# ####...Z@......≈≈≈≈.Z.### ≈#
#..# #..)....##........## ≈# #..#
#...#######.....(..# ≈# #..#
#...# #>####.#Z# ≈# #..#######..#
#.# #.#Z## ## #...........# #.#
#.#Z.# #####.######...# #.#
#.##Z## ........# #...# #.#
#>##Z.# ####.##.####...##
###.####.###.#


You could see the wrath of Vehumet (unaware), a friendly orc priest zombie and a
friendly orc skeleton.

Vanquished Creatures
  An ice beast (D:5)
  An ogre (D:3)
  2 big kobolds (D:5)
  A bullfrog (D:6)
  A scorpion (D:4)
  2 wights (D:6)
  2 howler monkeys
  A crimson imp (D:6)
  4 orc priests
  3 hounds
  8 orc wizards
  4 worker ants
  4 adders
  2 oozes
  An adder zombie (D:5)
  An adder skeleton (D:4)
  2 worms (D:3)
  A dart slug (D:1)
  2 leopard geckos
  26 orcs
  A ball python (D:4)
  11 bats
  6 giant cockroaches
  7 goblins
  7 hobgoblins
  2 jackals (D:5)
  2 quokkas
  4 frilled lizards
  13 kobolds
  A leopard gecko zombie (D:5)
  A quokka skeleton (D:5)
  A quokka zombie (D:5)
  4 rats
129 creatures vanquished.

Vanquished Creatures (others)
  A bullfrog zombie (D:6)
  A hound zombie (D:5)
  A jackal zombie (D:5)
3 creatures vanquished.

Grand Total: 132 creatures vanquished

Notes
Turn   | Place    | Note
-------+----------+-------------------------------------------
     0 | D:1      | mhoghedin the Ghoul Monk began the quest for the Orb.
     0 | D:1      | Reached XP level 1. HP: 19/19 MP: 0/0
   105 | D:1      | Reached XP level 2. HP: 23/26 MP: 1/1
   360 | D:1      | Reached skill level 3 in Dodging
   560 | D:2      | Reached XP level 3. HP: 33/33 MP: 2/2
   630 | D:2      | Found a faded altar of an unknown god.
   633 | D:2      | Became a worshipper of Vehumet
   633 | D:2      | Reached * piety under Vehumet
   633 | D:2      | Offered knowledge of Shock by Vehumet.
   633 | D:2      | Reached ** piety under Vehumet
   634 | D:2      | Fell from the grace of Vehumet
   791 | D:2      | Reached skill level 4 in Fighting
   791 | D:2      | Reached skill level 4 in Unarmed Combat
   937 | D:2      | Reached XP level 4. HP: 40/40 MP: 3/3
  1356 | D:3      | Found a glowing golden altar of the Shining One.
  1439 | D:3      | Reached XP level 5. HP: 43/47 MP: 4/4
  1736 | D:3      | Noticed an ogre
  1737 | D:3      | Found a basalt altar of Yredelemnul.
  1751 | D:3      | Killed an ogre
  1751 | D:3      | Reached skill level 5 in Fighting
  1751 | D:3      | Reached skill level 4 in Dodging
  1751 | D:3      | Reached skill level 5 in Unarmed Combat
  1751 | D:3      | Reached XP level 6. HP: 36/56 MP: 5/5
  1789 | D:3      | Became a worshipper of Yredelemnul the Dark
  2104 | D:4      | HP: 9/56 [divine wrath (23)]
  2128 | D:4      | HP: 12/56 [orc wizard/dagger (5)]
  2143 | D:4      | Reached XP level 7. HP: 19/61 MP: 6/6
  2677 | D:4      | Found a shadowy altar of Dithmenos.
  2800 | D:4      | Reached * piety under Yredelemnul
  3092 | D:4      | Found a radiant altar of Vehumet.
  3099 | D:4      | Reached skill level 6 in Fighting
  3140 | D:5      | Entered Level 5 of the Dungeon
  3146 | D:5      | Reached skill level 5 in Dodging
  3146 | D:5      | Reached skill level 6 in Unarmed Combat
  3188 | D:5      | Found a deep blue altar of Sif Muna.
  3227 | D:5      | Found a white marble altar of Elyvilon.
  3293 | D:5      | Reached skill level 1 in Invocations
  3417 | D:5      | HP: 15/62 [ice beast (4)]
  3913 | D:5      | Found a hazy altar of Hepliaklqana.
  3949 | D:5      | Reached XP level 8. HP: 68/68 MP: 8/8
  4084 | D:5      | Reached skill level 2 in Invocations
  4095 | D:5      | Reached skill level 1 in Armour
  4245 | D:5      | Found a sparkling altar of Nemelex Xobeh.
  4561 | D:6      | Reached ** piety under Yredelemnul
  4584 | D:6      | HP: 16/70 [wight/great sword of venom (8)]
  4585 | D:6      | HP: 5/70 [wight/halberd of freezing (11)]
  4609 | D:5      | Killed by a stone arrow

Vault maps used:
D:1:      elethiomel_arrival_maze
D:2:      chequers_ecumenical_altar_simple_redux
D:3:      old_standard_altar, first_ration, nicolae_tso_carved_into_rock
D:4:      marbit_many_paths, nicolae_dithmenos_the_darkroom
D:5:      cheibrodos_thug_alley, kennysheep_mini_moat,
          nicolae_overflow_crystal_walls, lemuel_round_altar, elyvilon_altar_5,
          serial_park_tiny_pond
D:6:      nicolae_ru_the_path_less_chosen

Skill      XL: |  1  2  3  4  5  6  7  8 |
---------------+-------------------------+-----
Dodging        | 3 4 5 |  5.6
Fighting       | 4 5 6 |  6.7
Unarmed Combat | 4 5 6 |  6.8
Invocations    | 1 2 |  2.9
Armour         | 1 |  1.7
Stealth        | |  2.1

Action                   |  1- 3 |  4- 6 |  7- 9 || total
-------------------------+-------+-------+-------++-------
Melee: Unarmed           |    98 |   207 |   264 ||   569
       Punch             |     2 |     5 |     6 ||    13
Invok: Renounce Religion |     1 |       |       ||     1
       Animate Remains   |       |       |     5 ||     5
  Use: Potion            |     1 |     4 |     4 ||     9
       Scroll            |     1 |       |     3 ||     4
 Stab: Sleeping          |     6 |     2 |     3 ||    11
       Distracted        |       |       |     1 ||     1
  Eat: Chunk             |     6 |    24 |     7 ||    37
Armor: Robe              |    12 |    65 |    29 ||   106
       Storm dragon scal |       |       |    85 ||    85
Dodge: Dodged            |    71 |   143 |   117 ||   331

Table legend:
 A = Spawn XP
 B = Non-spawn XP
 C = Spawn XP percentage of total XP
 D = Spawn monster count
 E = Non-spawn monster count
 F = Spawn count percentage of total count
 G = Total turns spent on level
                    A         B        C        D         E        F      G
               +---------+---------+-------+---------+---------+-------+---------
         Total |       0 |    1847 |   0.0 |       0 |     129 |   0.0 |  4609
               +---------+---------+-------+---------+---------+-------+---------
           D:1 |       0 |      33 |   0.0 |       0 |      18 |   0.0 |   557
           D:2 |       0 |      62 |   0.0 |       0 |      19 |   0.0 |   729
           D:3 |       0 |     295 |   0.0 |       0 |      28 |   0.0 |   696
           D:4 |       0 |     523 |   0.0 |       0 |      25 |   0.0 |  1384
           D:5 |       0 |     618 |   0.0 |       0 |      32 |   0.0 |  1146
           D:6 |       0 |     316 |   0.0 |       0 |       7 |   0.0 |    97
               +---------+---------+-------+---------+---------+-------+---------

Vault maps used:
D:1:      elethiomel_arrival_maze
D:2:      chequers_ecumenical_altar_simple_redux
D:3:      old_standard_altar, first_ration, nicolae_tso_carved_into_rock
D:4:      marbit_many_paths, nicolae_dithmenos_the_darkroom
D:5:      cheibrodos_thug_alley, kennysheep_mini_moat,
          nicolae_overflow_crystal_walls, lemuel_round_altar, elyvilon_altar_5,
          serial_park_tiny_pond
D:6:      nicolae_ru_the_path_less_chosen

Table legend:
 A = Turns spent in this place as a percentage of turns spent in the entire game.
 B = Non-inter-level travel turns spent in this place as a percentage of non-inter-level travel turns spent in the entire game.
 C = Inter-level travel turns spent in this place as a percentage of turns spent in this place.
 D = Turns resting spent in this place as a percentage of non-inter-level travel turns spent in this place.
 E = Turns spent auto-exploring this place as a percentage of non-inter-level travel turns spent in this place.
 F = Non-inter-level travel turns spent in this place divided by the number of levels of this place that you've seen.
                   A       B       C       D       E      F
               +-------+-------+-------+-------+-------+----------------------
         Total | 100.0 | 100.0 |   3.0 |  15.0 |  55.3 | 745.5
       Dungeon | 100.0 | 100.0 |   3.0 |  15.0 |  55.3 | 745.5
               +-------+-------+-------+-------+-------+----------------------

Table legend:
 A = Kills in this place as a percentage of kills in entire the game.
 B = Kills by you in this place as a percentage of kills by you in the entire game.
 C = Kills by friends in this place as a percentage of kills by friends in the entire game.
 D = Other kills in this place as a percentage of other kills in the entire game.
 E = Experience gained in this place as a percentage of experience gained in the entire game.
 F = Experience gained in this place divided by the number of levels of this place that you have seen.
                   A       B       C       D       E      F
               +-------+-------+-------+-------+-------+----------------------
         Total | 100.0 | 100.0 |   N/A |   N/A | 100.0 | 307.8
       Dungeon | 100.0 | 100.0 |   N/A |   N/A | 100.0 | 307.8
               +-------+-------+-------+-------+-------+----------------------
